 Dungeon Crawl Stone Soup version 0.17.1-1-g73c8601 (webtiles) character file.

24 Andry07 the Slasher (level 3, -3/19 HPs)
             Began as a Vine Stalker Fighter on Dec 30, 2015.
             Slain by Sigmund
             ... wielding a +0 scythe
              (6 damage)
             ... on level 2 of the Dungeon.
             The game lasted 00:01:39 (1246 turns).

Andry07 the Slasher (Vine Stalker Fighter)          Turns: 1246, Time: 00:01:39

Health: -3/19      AC:  6    Str: 19    XL:     3   Next: 2%
Magic:  0/4        EV:  7    Int:  8    God:
Gold:   55         SH:  9    Dex: 13    Spells: 0 memorised, 2 levels left

rFire  . . .     SeeInvis .     a - +0 long sword
rCold  . . .     Clarity  .     b - +0 scale mail
rNeg   . . .     SustAt   .     c - +0 shield
rPois  .         Gourm    .     (no helmet)
rElec  .         Spirit   +     (no cloak)
rCorr  .         Warding  .     (no gloves)
rMut   .         Stasis   .     (no boots)
MR     .....                    (no amulet)
Stlth  ..........               (no ring)
                                (no ring)

@: not resistant to hostile enchantments, extremely unstealthy
A: fangs 2, regeneration 1, magic shield, antimagic bite, no device heal 3, rot
immunity
a: no special abilities


You were on level 2 of the Dungeon.
You were not hungry.

You visited 1 branch of the dungeon, and saw 2 of its levels.

You collected 55 gold pieces.

Inventory:

Hand Weapons
 a - a +0 long sword (weapon)
Armour
 b - a +0 scale mail (worn)
 c - a +0 shield (worn)
Scrolls
 f - a scroll of recharging {unknown}
 g - a scroll of blinking {unknown}
 h - 5 scrolls of identify {unknown}
 i - a scroll of magic mapping {unknown}
 j - a scroll of immolation {unknown}
Potions
 d - a potion of might
Comestibles
 e - 5 bread rations
 k - a beef jerky


   Skills:
 - Level 2.6 Fighting
 + Level 3.1 Long Blades
 - Level 2.4 Armour
 - Level 2.6 Shields


You had 2 spell levels left.
You didn't know any spells.

Dungeon Overview and Level Annotations

Branches:
Dungeon (2/15)

Altars:

Annotations:
D:2 Sigmund


Innate Abilities, Weirdness & Mutations

You have extremely sharp teeth.
Your natural rate of healing is unusually fast.
When hurt, damage is shared between your health and your magic reserves.
Your bite disrupts and absorbs the magic of your enemies.
Potions and wands cannot restore your health.
You are immune to rotting.


Message History

Sigmund hits you with a scythe.
You slash Sigmund! You bite Sigmund, but do no damage.
Sigmund is almost dead.
Sigmund falters for a moment. x2
You hit Sigmund. Your bite misses Sigmund.
Sigmund is almost dead.
Sigmund casts a spell.
Sigmund flickers and vanishes!
Deactivating autopickup; reactivate with Ctrl-A.
No target in view!
You miss something. Something hits you but does no damage.
You closely miss something. You miss something. You bite something.
You drain its magic.
Your shield and scale mail prevent you from hitting something.
Something hits you!
Your shield and scale mail prevent you from hitting something.
You miss something. You bite something. Something hits you!
* * * LOW HITPOINT WARNING * * *
You hit something. Your bite misses something. Something hits you.
You die...

##.......... .. .. .........#
#. #. #.......####. #.
##....<..#....
####.####.......##.##(
#.......#.#.#.#.##.##.
#......#.#.........
##.##.#.#........#(#
#########
.##{@..#.#..##.####(#
#.......#.........#.......#
#(.
#.......#.#...............#
#..
#...<..@)...###..<.....##.#
#..
...!.....รท....##.####.##....
.... ##.......#.#..##.# #.#
.#.#####. #............##.#
#.# . #. #...............# #.
######.#.##.## ##


There were no monsters in sight!

Vanquished Creatures
  2 ball pythons
  3 bats
  5 hobgoblins
  2 jackals (D:2)
  A giant cockroach (D:2)
  4 giant newts
  A goblin (D:1)
  4 kobolds
  A rat (D:1)
23 creatures vanquished.

Notes
Turn   | Place    | Note
--------------------------------------------------------------
     0 | D:1      | Andry07 the Vine Stalker Fighter began the quest for the Orb.
     0 | D:1      | Reached XP level 1. HP: 11/11 MP: 2/2
   392 | D:1      | Reached XP level 2. HP: 16/16 MP: 3/3
   938 | D:2      | Noticed Sigmund
  1173 | D:2      | Reached skill level 3 in Long Blades
  1202 | D:2      | Reached XP level 3. HP: 19/19 MP: 4/4
  1246 | D:2      | Slain by Sigmund

Action                   || total
-------------------------++-------
Melee: Long sword        ||    63
  Eat: Chunk             ||     1
